 Dungeon Crawl Stone Soup version 0.31.0-9-g3a7656b989 (webtiles) character file.

Game seed: 728227698733874165

26629 qw the Spry (level 13, -2/64 HPs)
             Began as a Spriggan Hunter on Feb 2, 2024.
             Was an Elder of Okawaru.
             Succumbed to poison (poison gas)
             ... on level 5 of the Lair of Beasts.
             The game lasted 00:01:22 (8683 turns).

qw the Spry (Spriggan Hunter)                       Turns: 8683, Time: 00:01:23

Health: -2/64      AC:  7    Str:  7    XL:     13   Next: 0%
Magic:  17/21      EV: 40    Int: 10    God:    Okawaru [****..]
Gold:   403        SH:  0    Dex: 30    Spells: 12/12 levels left

rFire   + . .        v - +0 arbalest
rCold   . . .        (shield currently unavailable)
rNeg    . . .        n - +2 robe {rF+}
rPois   .            (helmet restricted)
rElec   .            g - +2 cloak
rCorr   .            (gloves unavailable)
SInv    +            (boots unavailable)
Will    ++...        f - amulet of regeneration
Stlth   ++           m - +6 ring of dexterity
HPRegen 1.10/turn    (no ring)
MPRegen 0.17/turn

%: no passive effects
@: lethally poisoned (-2 -> -26), finesse-ful, slow
A: very small, no large weapons, unfitting armour, see invisible, speed 3
a: Renounce Religion, Heroism, Finesse


You were on level 5 of the Lair of Beasts.
You worshipped Okawaru.
Okawaru was greatly pleased with you.
You visited 3 branches of the dungeon, and saw 13 of its levels.

You collected 686 gold pieces.
You spent 283 gold pieces at shops.


Innate Abilities, Weirdness & Mutations

You are very small and have problems with some larger weapons.
You are too small for most types of armour.
You have supernaturally acute eyesight. (SInv)
You cover ground extremely quickly. (Speed+++)


   Skills:
 + Level 5.5 Fighting
 - Level 14.0 Ranged Weapons
 - Level 17.0 Dodging
 - Level 1.5 Stealth
 - Level 10.0 Invocations


You had 12 spell levels left.
You didn't know any spells.
Your spell library was empty.

Inventory:

Hand Weapons
 v - a +0 arbalest (weapon)
Armour
 g - a +2 cloak (worn)
 h - +0 steam dragon scales
 n - a +2 robe of fire resistance (worn)
Jewellery
 f - an amulet of regeneration (around neck)
 i - a ring of ice
 m - a +6 ring of dexterity (left hand)
Wands
 b - a wand of digging (6)
 k - a wand of iceblast (14)
 p - a wand of charming (8)
Scrolls
 o - a scroll of enchant armour
Potions
 a - a potion of attraction {unknown}
 c - 3 potions of might
 d - a potion of cancellation
 e - 4 potions of enlightenment
 j - a potion of haste
 l - a potion of heal wounds
 r - a potion of mutation

Dungeon Overview and Level Annotations

Branches:
Dungeon (8/15)             Temple (1/1) D:4            Lair (3/5) D:8
 Shoals (0/4) Lair:3       Spider (0/4) Lair:2

Altars:
Ashenzari
Dithmenos
Elyvilon
Fedhas
Gozag
Hepliaklqana
Kikubaaqudgha
Makhleb
Nemelex Xobeh
Okawaru
Qazlal
Trog
Wu Jian
Xom
Yredelemnul
Zin
The Shining One
Jiyva

Shops:
D:6 (*

Annotations:
D:7 3 runed translucent doors, qw's ghost, novice DjHu
Lair:2 3 runed translucent doors, qw's ghost, journeyman DjHu
Lair:5 qw's ghost, journeyman DjHu


Message History

The swamp dragon is moderately wounded.
You shoot a bolt.
The bolt closely misses the swamp dragon.
The swamp dragon breathes poison at you.
The blast of poison engulfs you!
You are poisoned.
You shoot a bolt. The bolt hits the swamp dragon!
The swamp dragon is heavily wounded.
You are engulfed in poison gas.
You are more poisoned.
You feel very sick.
The swamp dragon breathes poison at you.
The blast of poison misses you.
You shoot a bolt. The bolt hits the swamp dragon.
The swamp dragon is severely wounded.
You are engulfed in poison gas.
You are more poisoned.
You feel very sick.
You shoot a bolt. The bolt hits the swamp dragon!!
The swamp dragon is almost dead.
You are engulfed in poison gas.
You are lethally poisoned!
You feel extremely sick.
You shoot a bolt.
The bolt closely misses the swamp dragon.
You are engulfed in poison gas.
You are more poisoned.
You feel extremely sick.
You shoot a bolt. The bolt hits the swamp dragon!
You kill the swamp dragon!
Okawaru accepts your kill.
You are engulfed in poison gas.
You are more poisoned.
You feel extremely sick.
You have reached level 13!
8682 ||| DRINKING potion of curing.
You feel better.
8682 ||| (to cure poison)
You are engulfed in poison gas.
You are poisoned.
You feel very sick.
You're standing in a cloud of poison gas!
You are engulfed in poison gas.
You are lethally poisoned!
You die...

77~~~7..7..77
.!77~~%P....77
.. 77~..~~...7
77 7~~.~~.[.77
..~.%777~.P.777
.)~~.77
77~....7 ~~~.7
77.~0077 .~77
77~0007 .7


7700@7 70007 ~~0..07 ..~~~..77 ~~~...77 .~~..7 7~.77 7.. There were no monsters
in sight!

Vanquished Creatures
  An ice dragon (Lair:5)
  2 hydras
  A catoblepas (Lair:1)
  2 boulder beetles (Lair:2)
  A skyshark (Lair:5)
  A pharaoh ant (Lair:2)
  A swamp dragon (Lair:5)
  Joseph (Lair:1)
  4 elephants (Lair:3)
  A torpor snail (Lair:2)
  3 black mambas
  A guardian serpent (Lair:2)
  2 cane toads
  6 komodo dragons
  5 rime drakes
  Psyche (D:8)
  A troll (D:7)
  A hornet (D:8)
  A polar bear (Lair:1)
  Grinder (D:6)
  18 dream sheep
  13 blink frogs
  Sigmund (D:3)
  A jumping spider (Lair:2)
  12 yaks (Lair:1)
  A wraith (D:8)
  4 basilisks
  4 steam dragons
  8 water moccasins
  6 black bears
  3 sky beasts
  3 swamp drakes (Lair:5)
  2 ogres
  6 wolves (Lair:1)
  A centaur (D:8)
  A phantom (D:5)
  A kobold brigand (D:7)
  A necrophage (D:8)
  7 bullfrogs
  3 scorpions
  A wight (D:8)
  A howler monkey (D:8)
  3 centaur zombies (D:8)
  A human zombie (D:8)
  6 hounds
  A bombardier beetle (D:5)
  2 gnoll boudas
  4 orc priests
  A jelly (D:7)
  A sleepcap (D:6)
  2 hell rats (Lair:1)
  9 iguanas
  An orc wizard (D:5)
  A killer bee zombie (D:8)
  2 mummies (D:8)
  3 howler monkey zombies (D:8)
  8 gnolls
  7 adders
  9 river rats (Lair:1)
  A white imp (D:7)
  A dart slug (D:1)
  A ribbon worm (D:2)
  11 orcs
  7 ball pythons
  3 bats
  5 endoplasms
  A giant cockroach (D:2)
  6 goblins
  2 hobgoblins
  2 jackals (D:2)
  13 kobolds
  2 quokkas (D:1)
  A frilled lizard (D:2)
  6 rats
258 creatures vanquished.

Notes
Turn   | Place    | Note
-------+----------+-------------------------------------------
     0 | D:1      | qw the Spriggan Hunter began the quest for the Orb.
     0 | D:1      | Reached XP level 1. HP: 10/10 MP: 2/2
     0 | D:1      | 0 ||| qw: Version: 0.3-a-155-g5e7d8dd
     0 | D:1      | 0 ||| qw: Game counter: 732
     0 | D:1      | 0 ||| qw: Melee chars always use a shield: true
     0 | D:1      | 0 ||| qw: God list: Okawaru
     0 | D:1      | 0 ||| qw: Allow faded altars: false
     0 | D:1      | 0 ||| qw: Do Orc after clearing Dungeon:15 true
     0 | D:1      | 0 ||| qw: Do second Lair branch before Depths: true
     0 | D:1      | 0 ||| qw: Lair rune preference: random
     0 | D:1      | 0 ||| qw: Goals: Normal
     0 | D:1      | 0 ||| PLANNING D:1-11
    39 | D:1      | Reached skill level 3 in Dodging
   158 | D:1      | Reached XP level 2. HP: 14/14 MP: 3/3
   174 | D:1      | Reached skill level 4 in Dodging
   565 | D:1      | 565 ||| READING scroll labelled WONEJY LECS.
   666 | D:1      | 666 ||| READING scroll labelled XAEJOR GUX.
   667 | D:1      | 667 ||| DROPPING scroll of butterflies.
   722 | D:2      | Reached XP level 3. HP: 15/18 MP: 4/4
  1277 | D:2      | 1277 ||| UPGRADING to +0 cloak.
  1282 | D:2      | 1282 ||| UPGRADING to amulet of regeneration.
  1287 | D:2      | 1287 ||| READING scroll labelled CAAMUONAACH.
  1288 | D:2      | 1288 ||| DRINKING 2 bubbling ruby potions.
  1315 | D:3      | 1315 ||| STAIRDANCE
  1320 | D:3      | 1320 ||| STAIRDANCE
  1328 | D:3      | 1328 ||| STAIRDANCE
  1393 | D:3      | Found a faded altar of an unknown god.
  1449 | D:3      | Noticed Sigmund
  1467 | D:3      | HP: 3/18 [Sigmund/+0 scythe (11)]
  1470 | D:3      | Killed Sigmund
  1471 | D:3      | Reached skill level 6 in Dodging
  1471 | D:3      | Reached XP level 4. HP: 8/22 MP: 5/5
  1471 | D:3      | Reached XP level 5. HP: 10/25 MP: 6/6
  1507 | D:3      | You fall into a shaft and drop 2 floors!
  1507 | D:5      | Entered Level 5 of the Dungeon
  1519 | D:5      | Noticed a black bear
  1521 | D:5      | Noticed a phantom
  1522 | D:5      | 1522 ||| RETREEEEATING.
  1523 | D:5      | 1523 ||| RETREEEEATING.
  1531 | D:5      | Killed a phantom
  1532 | D:5      | Reached XP level 6. HP: 16/32 MP: 7/7
  1536 | D:5      | HP: 5/32 [black bear (6)]
  1536 | D:5      | HP: 1/32 [black bear (4)]
  1623 | D:5      | Reached skill level 6 in Ranged Weapons
  1636 | D:5      | Reached XP level 7. HP: 35/35 MP: 8/8
  1779 | D:5      | 1779 ||| UPGRADING to +2 robe of fire resistance.
  1789 | D:5      | 1789 ||| DROPPING +0 robe.
  1790 | D:5      | 1790 ||| DROPPING +6 ring of intelligence.
  1791 | D:5      | 1791 ||| READING scroll labelled GETHIVV EWKIPH.
  1792 | D:5      | 1792 ||| READING scroll labelled JIYMEI JOHO.
  1808 | D:5      | 1808 ||| READING scroll labelled TUMOIVOQETZ.
  1808 | D:5      | 1808 ||| ENCHANTING +0 cloak.
  1809 | D:5      | 1809 ||| READING scroll labelled BOCLEO SENUL.
  1963 | D:4      | 1963 ||| READING scroll labelled XEG GYENOKI.
  1965 | D:4      | 1965 ||| Stepping ~*~*~tactically~*~*~ (cloud).
  2471 | D:4      | 2471 ||| RETREEEEATING.
  2489 | D:4      | Reached skill level 7 in Dodging
  2837 | D:4      | Found a staircase to the Ecumenical Temple.
  2838 | D:4      | 2838 ||| PLANNING TEMPLE
  2838 | D:4      | 2838 ||| READING scroll labelled ELUSUU POGUMM.
  2838 | D:4      | 2838 ||| IDENTIFYING green potion
  2847 | Temple   | Entered the Ecumenical Temple
  2848 | Temple   | 2848 ||| PLANNING OKAWARU WORSHIP
  2853 | Temple   | Became a worshipper of Warmaster Okawaru
  2854 | Temple   | 2854 ||| PLANNING D:1-11
  2944 | D:4      | 2944 ||| READING scroll labelled PUENED HAREOHU.
  2992 | D:5      | 2992 ||| READING scroll of enchant armour.
  2992 | D:5      | 2992 ||| ENCHANTING +1 cloak.
  3216 | D:5      | 3216 ||| UPGRADING to +6 ring of dexterity.
  3217 | D:5      | 3217 ||| DRINKING 2 viscous cyan potions.
  3346 | D:5      | Found a blossoming altar of Fedhas.
  3561 | D:6      | Found Zuutav Faosh's Assorted Antiques.
  3617 | D:6      | Reached * piety under Okawaru
  3618 | D:6      | Reached skill level 8 in Dodging
  3632 | D:6      | 3632 ||| INVOKING Heroism.
  3633 | D:6      | 3633 ||| DRINKING potion of haste.
  3635 | D:6      | Reached XP level 8. HP: 38/39 MP: 6/9
  3727 | D:6      | Reached skill level 9 in Dodging
  3735 | D:6      | Reached skill level 1 in Invocations
  3770 | D:6      | Found Sergh's Weapon Boutique.
  3780 | D:6      | 3780 ||| SHOPLISTING +6 arbalest of Eternity {penet, Will+}
                  | (591 gold, have 288).
  3811 | D:6      | Noticed Grinder
  3812 | D:6      | 3812 ||| INVOKING Heroism.
  3813 | D:6      | Paralysed by Grinder for 2 turns
  3819 | D:6      | Killed Grinder
  3932 | D:6      | Reached skill level 3 in Invocations
  4089 | D:6      | 4089 ||| BUYING 2 potions of enlightenment (260 gold).
  4089 | D:6      | Bought 2 potions of enlightenment for 260 gold pieces
  4089 | D:6      | 4089 ||| SHOPLISTING dented filigree amulet (130 gold, have
                  | 32).
  4089 | D:6      | 4089 ||| BUYING glowing green potion (23 gold).
  4089 | D:6      | Bought a glowing green potion for 23 gold pieces
  4089 | D:6      | 4089 ||| SHOPLISTING jewelled glass wand (104 gold, have
                  | 9).
  4089 | D:6      | 4089 ||| SHOPLISTING potion of might (104 gold, have 9).
  4089 | D:6      | 4089 ||| SHOPLISTING scroll of teleportation (78 gold, have
                  | 9).
  4089 | D:6      | 4089 ||| READING scroll of identify.
  4089 | D:6      | 4089 ||| IDENTIFYING lumpy coppery potion
  4090 | D:6      | 4090 ||| READING scroll labelled HIEGUG ZYTEREU.
  4090 | D:6      | 4090 ||| ENCHANTING +0 shortbow.
  4151 | D:7      | Reached skill level 3 in Fighting
  4217 | D:7      | Found a runed translucent gate.
  4217 | D:7      | Found a runed translucent gate.
  4217 | D:7      | Found a runed translucent gate.
  4344 | D:7      | Noticed a troll
  4345 | D:7      | 4345 ||| INVOKING Heroism.
  4351 | D:7      | Killed a troll
  4565 | D:7      | Noticed qw's ghost (novice DjHu)
  4600 | D:7      | Reached ** piety under Okawaru
  4601 | D:7      | Reached XP level 9. HP: 41/44 MP: 13/13
  4995 | D:7      | 4995 ||| READING scroll of identify.
  4995 | D:7      | 4995 ||| IDENTIFYING fizzy brown potion
  4996 | D:7      | 4996 ||| READING scroll labelled CIJAIR ZIEWOS.
  4997 | D:7      | 4997 ||| DRINKING 2 smoky puce potions.
  4998 | D:7      | 4998 ||| DRINKING cyan potion.
  5002 | D:7      | 5002 ||| FLEEEEING.
  5104 | D:7      | 5104 ||| DROPPING potion of lignification.
  5105 | D:7      | 5105 ||| DROPPING potion of ambrosia.
  5178 | D:8      | Reached skill level 10 in Dodging
  5216 | D:8      | Reached skill level 9 in Ranged Weapons
  5239 | D:8      | Noticed a komodo dragon
  5246 | D:8      | 5246 ||| INVOKING Heroism.
  5259 | D:8      | Killed a komodo dragon
  5260 | D:8      | Reached skill level 11 in Dodging
  5277 | D:8      | Reached *** piety under Okawaru
  5289 | D:8      | Noticed a komodo dragon
  5290 | D:8      | 5290 ||| INVOKING Heroism.
  5300 | D:8      | Killed a komodo dragon
  5316 | D:8      | Found a staircase to the Lair.
  5377 | D:8      | Noticed Psyche
  5378 | D:8      | 5378 ||| INVOKING Heroism.
  5386 | D:8      | Killed Psyche
  5387 | D:8      | Reached skill level 12 in Dodging
  5396 | D:8      | Reached XP level 10. HP: 49/49 MP: 12/14
  5656 | D:8      | Found a basalt altar of Yredelemnul.
  5740 | D:8      | 5740 ||| INVOKING Heroism.
  5827 | D:8      | 5827 ||| PLANNING LAIR
  5827 | D:8      | 5827 ||| DROPPING +2 robe of positive energy.
  5828 | D:8      | 5828 ||| READING scroll of identify.
  5828 | D:8      | 5828 ||| IDENTIFYING coppery potion
  5829 | D:8      | 5829 ||| READING scroll labelled ENTO AFUSSAI.
  5830 | D:8      | 5830 ||| READING scroll labelled IKHLIZ UVIYNACS.
  5831 | D:8      | 5831 ||| DRINKING 2 glowing green potions.
  5832 | D:8      | 5832 ||| DRINKING 2 clear potions.
  5889 | Lair:1   | Entered Level 1 of the Lair of Beasts
  5890 | Lair:1   | 5890 ||| RETREEEEATING.
  5891 | Lair:1   | 5891 ||| RETREEEEATING.
  5892 | Lair:1   | 5892 ||| RETREEEEATING.
  5893 | Lair:1   | 5893 ||| INVOKING Heroism.
  5903 | Lair:1   | Noticed a black mamba
  5916 | Lair:1   | Killed a black mamba
  5924 | Lair:1   | Reached **** piety under Okawaru
  5931 | Lair:1   | HP: 12/49 [yak (6)]
  5932 | Lair:1   | 5932 ||| READING 4 scrolls of teleportation.
  5934 | Lair:1   | 5934 ||| DRINKING potion of heal wounds.
  5934 | Lair:1   | Noticed a black mamba
  5937 | Lair:1   | 5937 ||| RETREEEEATING.
  5938 | Lair:1   | 5938 ||| RETREEEEATING.
  5939 | Lair:1   | 5939 ||| RETREEEEATING.
  5941 | Lair:1   | 5941 ||| RETREEEEATING.
  5942 | Lair:1   | 5942 ||| RETREEEEATING.
  5943 | Lair:1   | 5943 ||| RETREEEEATING.
  5944 | Lair:1   | 5944 ||| RETREEEEATING.
  5945 | Lair:1   | 5945 ||| RETREEEEATING.
  5946 | Lair:1   | 5946 ||| RETREEEEATING.
  5947 | Lair:1   | 5947 ||| RETREEEEATING.
  5948 | Lair:1   | 5948 ||| RETREEEEATING.
  5949 | Lair:1   | 5949 ||| INVOKING Finesse.
  5950 | Lair:1   | 5950 ||| INVOKING Finesse.
  5951 | Lair:1   | 5951 ||| INVOKING Heroism.
  5956 | Lair:1   | Reached skill level 13 in Dodging
  5962 | Lair:1   | HP: 12/49 [poisoned by a water moccasin]
  5963 | Lair:1   | 5963 ||| READING 3 scrolls of teleportation.
  5967 | Lair:1   | HP: 12/49 [poisoned by a water moccasin]
  5972 | Lair:1   | HP: 12/49 [poisoned by a water moccasin]
  5999 | Lair:1   | Killed a black mamba
  6009 | Lair:1   | Reached skill level 14 in Dodging
  6059 | Lair:1   | 6059 ||| RETREEEEATING.
  6062 | Lair:1   | Noticed a catoblepas
  6063 | Lair:1   | 6063 ||| RETREEEEATING.
  6064 | Lair:1   | 6064 ||| RETREEEEATING.
  6065 | Lair:1   | 6065 ||| RETREEEEATING.
  6066 | Lair:1   | 6066 ||| RETREEEEATING.
  6067 | Lair:1   | 6067 ||| RETREEEEATING.
  6068 | Lair:1   | 6068 ||| RETREEEEATING.
  6069 | Lair:1   | 6069 ||| RETREEEEATING.
  6070 | Lair:1   | 6070 ||| RETREEEEATING.
  6071 | Lair:1   | 6071 ||| INVOKING Finesse.
  6092 | Lair:1   | 6092 ||| Stepping ~*~*~tactically~*~*~ (cloud).
  6099 | Lair:1   | 6099 ||| Stepping ~*~*~tactically~*~*~ (cloud).
  6101 | Lair:1   | 6101 ||| Stepping ~*~*~tactically~*~*~ (cloud).
  6112 | Lair:1   | 6112 ||| RETREEEEATING.
  6113 | Lair:1   | 6113 ||| INVOKING Finesse.
  6114 | Lair:1   | 6114 ||| Stepping ~*~*~tactically~*~*~ (cloud).
  6114 | Lair:1   | HP: 7/49 [yak (7)]
  6115 | Lair:1   | 6115 ||| READING 2 scrolls of teleportation.
  6116 | Lair:1   | 6116 ||| Stepping ~*~*~tactically~*~*~ (cloud).
  6119 | Lair:1   | Killed a catoblepas
  6120 | Lair:1   | Reached skill level 6 in Invocations
  6127 | Lair:1   | Reached XP level 11. HP: 14/53 MP: 8/16
  6203 | Lair:1   | 6203 ||| READING scroll of enchant weapon.
  6203 | Lair:1   | 6203 ||| ENCHANTING +1 shortbow.
  6252 | Lair:1   | 6252 ||| READING scroll of enchant weapon.
  6252 | Lair:1   | 6252 ||| ENCHANTING +2 shortbow.
  6291 | Lair:1   | 6291 ||| INVOKING Finesse.
  6292 | Lair:1   | 6292 ||| INVOKING Heroism.
  6359 | Lair:1   | 6359 ||| RETREEEEATING.
  6360 | Lair:1   | 6360 ||| INVOKING Finesse.
  6395 | Lair:1   | Reached skill level 12 in Ranged Weapons
  6429 | Lair:1   | Noticed Joseph
  6448 | Lair:1   | Killed Joseph
  6700 | Lair:1   | 6700 ||| RETREEEEATING.
  6701 | Lair:1   | 6701 ||| RETREEEEATING.
  6702 | Lair:1   | 6702 ||| RETREEEEATING.
  6707 | Lair:1   | 6707 ||| RETREEEEATING.
  6726 | Lair:1   | HP: 3/55 [komodo dragon (15)]
  6727 | Lair:1   | 6727 ||| READING scroll of teleportation.
  6920 | Lair:1   | Reached ***** piety under Okawaru
  6985 | Lair:1   | 6985 ||| READING 3 scrolls of identify.
  6985 | Lair:1   | 6985 ||| IDENTIFYING black potion
  6986 | Lair:1   | 6986 ||| READING 2 scrolls of identify.
  6986 | Lair:1   | 6986 ||| IDENTIFYING scroll labelled WUNEFU CAUK
  6987 | Lair:1   | 6987 ||| DROPPING scroll of blinking.
  6988 | Lair:1   | 6988 ||| DROPPING potion of invisibility.
  7126 | Lair:2   | 7126 ||| RETREEEEATING.
  7128 | Lair:2   | 7128 ||| RETREEEEATING.
  7129 | Lair:2   | 7129 ||| RETREEEEATING.
  7130 | Lair:2   | 7130 ||| RETREEEEATING.
  7131 | Lair:2   | 7131 ||| RETREEEEATING.
  7132 | Lair:2   | 7132 ||| RETREEEEATING.
  7133 | Lair:2   | 7133 ||| RETREEEEATING.
  7134 | Lair:2   | 7134 ||| RETREEEEATING.
  7136 | Lair:2   | 7136 ||| RETREEEEATING.
  7138 | Lair:2   | 7138 ||| RETREEEEATING.
  7147 | Lair:2   | 7147 ||| RETREEEEATING.
  7148 | Lair:2   | 7148 ||| RETREEEEATING.
  7149 | Lair:2   | 7149 ||| RETREEEEATING.
  7150 | Lair:2   | 7150 ||| RETREEEEATING.
  7151 | Lair:2   | 7151 ||| RETREEEEATING.
  7152 | Lair:2   | 7152 ||| RETREEEEATING.
  7153 | Lair:2   | 7153 ||| RETREEEEATING.
  7154 | Lair:2   | 7154 ||| RETREEEEATING.
  7155 | Lair:2   | 7155 ||| RETREEEEATING.
  7156 | Lair:2   | 7156 ||| RETREEEEATING.
  7157 | Lair:2   | 7157 ||| RETREEEEATING.
  7158 | Lair:2   | 7158 ||| RETREEEEATING.
  7159 | Lair:2   | 7159 ||| RETREEEEATING.
  7164 | Lair:2   | 7164 ||| RETREEEEATING.
  7165 | Lair:2   | 7165 ||| RETREEEEATING.
  7167 | Lair:2   | 7167 ||| INVOKING Finesse.
  7240 | Lair:2   | Reached skill level 9 in Invocations
  7241 | Lair:2   | Reached skill level 15 in Dodging
  7306 | Lair:2   | Noticed a boulder beetle
  7307 | Lair:2   | 7307 ||| RETREEEEATING.
  7309 | Lair:2   | Received a gift from Okawaru
  7310 | Lair:2   | 7310 ||| INVOKING Finesse.
  7356 | Lair:2   | Killed a boulder beetle
  7387 | Lair:2   | 7387 ||| INVOKING Finesse.
  7430 | Lair:2   | Noticed a boulder beetle
  7461 | Lair:2   | 7461 ||| INVOKING Finesse.
  7473 | Lair:2   | Killed a boulder beetle
  7474 | Lair:2   | Reached XP level 12. HP: 48/60 MP: 15/20
  7504 | Lair:2   | Found the +3 pair of seven-league boots {Rampage+∞}
  7554 | Lair:2   | 7554 ||| RETREEEEATING.
  7555 | Lair:2   | 7555 ||| RETREEEEATING.
  7706 | Lair:2   | Noticed a seven-headed hydra
  7707 | Lair:2   | 7707 ||| INVOKING Finesse.
  7714 | Lair:2   | Killed a seven-headed hydra
  7898 | Lair:2   | 7898 ||| SWAPPING to +0 arbalest.
  7901 | Lair:2   | 7901 ||| DROPPING +3 shortbow.
  7908 | Lair:2   | Found a hole to the Spider Nest.
  7924 | Lair:2   | Found a runed translucent gate.
  7924 | Lair:2   | Found a runed translucent gate.
  7924 | Lair:2   | Found a runed translucent gate.
  7925 | Lair:2   | Found a viscous altar of Jiyva.
  7925 | Lair:2   | Noticed qw's ghost (journeyman DjHu)
  7966 | Lair:2   | Received a gift from Okawaru
  8168 | Lair:2   | 8168 ||| READING 2 scrolls of identify.
  8168 | Lair:2   | 8168 ||| IDENTIFYING bubbling grey potion
  8169 | Lair:2   | 8169 ||| READING scroll of identify.
  8169 | Lair:2   | 8169 ||| IDENTIFYING silvery potion
  8170 | Lair:2   | 8170 ||| DROPPING potion of brilliance.
  8179 | Lair:3   | 8179 ||| RETREEEEATING.
  8181 | Lair:3   | 8181 ||| RETREEEEATING.
  8182 | Lair:3   | 8182 ||| RETREEEEATING.
  8183 | Lair:3   | 8183 ||| RETREEEEATING.
  8184 | Lair:3   | 8184 ||| RETREEEEATING.
  8186 | Lair:3   | 8186 ||| INVOKING Finesse.
  8238 | Lair:3   | Found a staircase to the Shoals.
  8295 | Lair:3   | You fall into a shaft and drop 2 floors!
  8295 | Lair:5   | Entered Level 5 of the Lair of Beasts
  8327 | Lair:5   | Reached skill level 16 in Dodging
  8333 | Lair:5   | 8333 ||| RETREEEEATING.
  8334 | Lair:5   | 8334 ||| RETREEEEATING.
  8335 | Lair:5   | 8335 ||| RETREEEEATING.
  8336 | Lair:5   | 8336 ||| RETREEEEATING.
  8337 | Lair:5   | 8337 ||| INVOKING Finesse.
  8341 | Lair:5   | 8341 ||| INVOKING Heroism.
  8394 | Lair:5   | Noticed a five-headed hydra
  8400 | Lair:5   | Killed a five-headed hydra
  8469 | Lair:5   | Noticed qw's ghost (journeyman DjHu)
  8471 | Lair:5   | Noticed a minotaur
  8474 | Lair:5   | 8474 ||| RETREEEEATING.
  8476 | Lair:5   | 8476 ||| RETREEEEATING.
  8482 | Lair:5   | 8482 ||| RETREEEEATING.
  8483 | Lair:5   | 8483 ||| RETREEEEATING.
  8484 | Lair:5   | 8484 ||| RETREEEEATING.
  8485 | Lair:5   | 8485 ||| RETREEEEATING.
  8486 | Lair:5   | 8486 ||| RETREEEEATING.
  8487 | Lair:5   | 8487 ||| RETREEEEATING.
  8488 | Lair:5   | 8488 ||| RETREEEEATING.
  8489 | Lair:5   | 8489 ||| RETREEEEATING.
  8490 | Lair:5   | 8490 ||| RETREEEEATING.
  8495 | Lair:5   | 8495 ||| INVOKING Finesse.
  8561 | Lair:5   | 8561 ||| DRINKING potion of resistance.
  8658 | Lair:5   | Noticed an ice dragon
  8660 | Lair:5   | 8660 ||| INVOKING Finesse.
  8669 | Lair:5   | Reached skill level 17 in Dodging
  8674 | Lair:5   | Killed an ice dragon
  8681 | Lair:5   | HP: 12/60 [poison (poison gas)]
  8682 | Lair:5   | Reached XP level 13. HP: 12/64 MP: 17/21
  8682 | Lair:5   | 8682 ||| DRINKING potion of curing.
  8682 | Lair:5   | 8682 ||| (to cure poison)
  8683 | Lair:5   | HP: 4/64 [something (4)]
  8683 | Lair:5   | Succumbed to poison (poison gas)

Levels and vault maps discovered:
D:1:      tekkud_arrival_beachfront_property, layout_loops_ring
D:2:      layout_loops_ring
D:3:      layout_rooms, ebering_ecumenical_altar_sacrificial,
          nicolae_houndstooth_variations, uniq_sigmund
D:4:      layout_loops_ring, minmay_temple_entry_poolview
D:5:      lemuel_ice_spiral_2, layout_basic, mainiacjoe_overflow_alcove_1
D:6:      layout_loops_ring, serial_shops, shop, nicolae_shop_tiny_glass,
          uniq_grinder
D:7:      layout_basic, gammafunk_ghost_icy, nrook_mini_backslash,
          dreamdust_mushroom_princess
D:8:      layout_gridville, lemuel_mausoleum_altar_yredelemnul,
          grunt_lair_entry_orc_guard_hut, uniq_psyche
Temple:   hellmonk_temple_two_chambers
Lair:1:   layout_misc_corridors, minmay_stone_trees_small, kennysheep_rathole,
          uniq_joseph
Lair:2:   layout_regular_city, nicolae_spider_entry_lesser_pyramids,
          gammafunk_ghost_ooze, hellmonk_guarded_unrand_seven_league_boots
Lair:3:   layout_cave_pods, elwin_shoals_entry_rocks,
          pdpol_lair_neglected_garden, guppyfry_lair_drakes, lemuel_fruit_tree,
          uniq_nergalle
Lair:5:   hangedman_lair_in_review, layout_long_grid, guppyfry_lair_end_dragon,
          maelrawn_ghost_gauntlet_escape

Skill      XL: |  1  2  3  4  5  6  7  8  9 10 11 12 |
---------------+-------------------------------------+-----
Dodging        | 3 4 6 8 9 12 14 15 17 | 17.0
Ranged Weapons | 5 6 7 8 10 11 12 14 | 14.0
Fighting       | 2 3 4 5 |  5.5
Invocations    | 4 6 9 10 | 10.0
Stealth        | |  1.5

Action                     |  1- 3 |  4- 6 |  7- 9 | 10-12 | 13-15 || total
---------------------------+-------+-------+-------+-------+-------++-------
   Fire: Shortbow          |   120 |    71 |   375 |   718 |       ||  1284
         Arbalest          |       |       |       |   176 |       ||   176
 Invoke: Heroism           |       |       |     6 |     5 |       ||    11
         Finesse           |       |       |       |    14 |       ||    14
    Use: Scroll            |     3 |       |    12 |    13 |       ||    28
         Potion            |     1 |       |     4 |     4 |     1 ||    10
 Armour: Robe              |    12 |    25 |    29 |    98 |       ||   164
  Dodge: Dodged            |    44 |    52 |   216 |   546 |       ||   858

Table legend:
 A = Non-vault XP
 B = Vault XP
 C = Vault XP percentage of total XP
 D = Non-vault monster count
 E = Vault monster count
 F = Vault count percentage of total count
                 A         B        C        D         E       F
            +---------+---------+-------+---------+---------+-------
      Total |   26903 |   11139 |  29.3 |     200 |      58 |  22.5
            +---------+---------+-------+---------+---------+-------
        D:1 |      29 |       0 |   0.0 |      18 |       0 |   0.0
        D:2 |      46 |       0 |   0.0 |      13 |       0 |   0.0
        D:3 |      33 |     239 |  87.9 |      12 |       1 |   7.7
        D:4 |     290 |       0 |   0.0 |      14 |       0 |   0.0
        D:5 |     692 |       0 |   0.0 |      16 |       0 |   0.0
        D:6 |     519 |     272 |  34.4 |      13 |       1 |   7.1
        D:7 |    1046 |       0 |   0.0 |      18 |       0 |   0.0
        D:8 |    1250 |    1875 |  60.0 |      12 |      18 |  60.0
     Lair:1 |   10169 |     689 |   6.3 |      42 |      13 |  23.6
     Lair:2 |    5450 |    4200 |  43.5 |      20 |      10 |  33.3
     Lair:3 |    2296 |       0 |   0.0 |       6 |       0 |   0.0
     Lair:5 |    5083 |    3864 |  43.2 |      16 |      15 |  48.4
            +---------+---------+-------+---------+---------+-------
